 Dungeon Crawl Stone Soup version 0.26-a0-1181-gd376ed14c5 (webtiles) character file.

Game seed: 3796918025511918000

14347 lis8215 the Zephyrmancer (level 11, -8/74 HPs)
             Began as a Demigod Air Elementalist on Dec 25, 2020.
             Mangled by a boulder beetle (24 damage)
             ... on level 12 of the Dungeon.
             The game lasted 00:29:03 (14342 turns).

lis8215 the Zephyrmancer (DgAE)                    Turns: 14342, Time: 00:29:04

Health: -8/74      AC:  9    Str: 18    XL:     11   Next: 57%
Magic:  13/28      EV: 10    Int: 29    God:
Gold:   610        SH: 14    Dex: 19    Spells: 13/28 levels left

rFire    . . .     SeeInvis +   G - +10 hand axe of Ambiguity {speed, *Slow Str+5 Int+4}
rCold    . . .     Faith    .   H - +4 kite shield "Kishetaf" {rCorr Str+2 Dex+3 Slay-2}
rNeg     . . .     Spirit   .   B - +3 leather armour {rPois}
rPois    +         Reflect  .   (no helmet)
rElec    .         Harm     .   O - +2 cloak {Will+}
rCorr    +         Rampage  .   (no gloves)
Will     ++...                  (no boots)
Stlth    ++........             L - amulet of magic regeneration
HPRegen  0.22/turn              F - ring of wizardry
MPRegen  0.46/turn              q - ring of see invisible

@: no status effects
A: high mp 1
a: no special abilities


You were on level 12 of the Dungeon.
You visited 1 branch of the dungeon, and saw 12 of its levels.
You also visited: Ossuary.

You collected 818 gold pieces.
You spent 208 gold pieces at shops.

Inventory:

Hand Weapons
 h - a +6 falchion of holy wrath
 G - the +10 hand axe of Ambiguity (weapon) {speed, *Slow Str+5 Int+4}
   (You bought it in a shop on level 7 of the Dungeon)

   Attacks with this weapon are significantly faster.
   It affects your strength (+5).
   It affects your intelligence (+4).
   It may slow you when you take damage.
 Q - the +7 short sword of Doom {vorpal, rF- Int+3 Dex+6, unknown}
   (You found it on level 12 of the Dungeon)

   It inflicts extra damage upon your enemies.
   It affects your intelligence (+3).
   It affects your dexterity (+6).
   It makes you vulnerable to fire.
Armour
 e - a +0 buckler
 y - a +2 robe of cold resistance
 B - a +3 leather armour of poison resistance (worn)
 E - a +2 robe of cold resistance
 H - the +4 kite shield "Kishetaf" (worn) {rCorr Str+2 Dex+3 Slay-2}
   (You found it on level 10 of the Dungeon)

   It affects your strength (+2).
   It affects your dexterity (+3).
   It affects your accuracy and damage with ranged weapons and melee attacks
   (-2).
   It provides partial protection from all sources of acid and corrosion.
 M - a +2 kite shield
 O - a +2 cloak of willpower (worn)
Jewellery
 a - an uncursed ring of resist corrosion
 p - an uncursed ring of poison resistance
 q - a ring of see invisible (right hand)
 r - an uncursed ring of protection from cold
 t - an uncursed ring of stealth {unknown}
 z - an uncursed ring of protection from cold
 F - a ring of wizardry (left hand)
 I - a +4 ring of protection
 J - an uncursed amulet of the acrobat
 L - an amulet of magic regeneration (around neck)
Wands
 D - a wand of polymorph (14)
 K - a wand of random effects (18)
 N - a wand of acid (14)
 P - a wand of iceblast (6)
Scrolls
 c - 2 scrolls of enchant armour
 l - 4 scrolls of remove curse
 n - 7 scrolls of teleportation
 o - 2 scrolls of amnesia
 s - a scroll of blinking
 v - 2 scrolls of fear
 A - 2 scrolls of magic mapping
Potions
 b - a potion of ambrosia
 d - 4 potions of might {unknown}
 f - 6 potions of curing {unknown}
 g - 2 potions of haste {unknown}
 i - a potion of magic {unknown}
 j - 3 potions of flight {unknown}
 k - 2 potions of berserk rage {unknown}
 m - 3 potions of degeneration {unknown}
 u - 3 potions of heal wounds {unknown}
 w - 2 potions of cancellation {unknown}
 x - 5 potions of lignification {unknown}
 C - 3 potions of brilliance {unknown}
 R - a potion of attraction {unknown}


   Skills:
 - Level 1.7 Dodging
 - Level 1.7 Stealth
 - Level 4.0 Shields
 - Level 9.0 Spellcasting
 - Level 0.8 Conjurations
 + Level 14.1 Air Magic


You had 13 spell levels left.
You knew the following spells:

 Your Spells              Type           Power        Failure   Level
a - Shock                 Conj/Air       100%         1%          1
b - Swiftness             Air            76%          1%          2
c - Static Discharge      Conj/Air       54%          1%          3
d - Airstrike             Air            38%          1%          4
e - Lightning Bolt        Conj/Air       27%          11%         5

Your spell library contained the following spells:

 Spells                   Type           Power        Failure   Level
 Magic Dart               Conj           72%          6%          1
 Searing Ray              Conj           36%          9%          2
 Dazzling Flash           Conj/Hex       30%          21%         3
 Confusing Touch          Hex            13%          24%         3
 Gell's Gravitas          Tloc           6%           24%         3
 Fulminant Prism          Conj/Hex       7%           52%         4
 Iskenderun's Mystic Bla  Conj/Tloc      15%          52%         4
 Petrify                  Tmut/Erth      13%          58%         4
 Metabolic Englaciation   Hex/Ice        6%           89%         5
 Yara's Violent Unravell  Hex/Tmut       6%           89%         5


Dungeon Overview and Level Annotations

Branches:
Dungeon (12/15)            Temple (0/1) D:6            Lair (0/6) D:8
    Orc (0/2) D:11        Ossuary (visited)

Shops:
D:7 (   D:9 (   D:11 :


Innate Abilities, Weirdness & Mutations

You have an increased reservoir of magic. (+10% MP)


Message History

Press: ? - help, Shift-Dir - straight line You hear a mighty clap of thunder!
The bolt of lightning hits the boulder beetle but does no damage.
The boulder beetle is moderately wounded.
The bolt of lightning hits the boulder beetle but does no damage.
The boulder beetle is moderately wounded.
You block the boulder beetle's attack.
Casting: Lightning Bolt (dangerous; 11% risk of failure)
Confirm with . or Enter, or press ? or * to list all spells.
Aiming: Lightning Bolt (dangerous; 11% risk of failure)
Press: ? - help, Shift-Dir - straight line You hear a mighty clap of thunder!
The bolt of lightning hits the boulder beetle!
The boulder beetle is heavily wounded.
The bolt of lightning hits the boulder beetle!!!
The boulder beetle is almost dead.
You hear a shout!
The boulder beetle waves its antennae.
The boulder beetle bites you!!
You die...

..............○......... .#
......##...##......#..###.#
......##..................#
.....J....................#
..##'##########....#......#
#.#...J..J.. #.....†.....#
#.######..J. #.#.#+#...#.#
..# .. #B#.# #...#.# ..#
#.@.# #...#.# ### #...#
#.....# ##########.#.#
#.....# #............#
#.##..# #.#..####....#
#.....# #.........####
#...>.# ###.......# #..##.#
#.......# #.....# #.....#.#
#.....#


You could see a boulder beetle.

Vanquished Creatures
  A hydra (D:11)
  A two-headed ogre (D:8)
  Sonja (D:11)
  An unseen horror (D:12)
  Pikel (D:6)
  A deep elf mage (D:12)
  2 ugly things
  An elephant (D:8)
  Joseph (D:8)
  Maurice (D:8)
  A troll (D:12)
  A hornet (D:9)
  Prince Ribbit (D:8)
  3 slime creatures (D:12)
  Sigmund (D:2)
  9 yaks
  A basilisk (D:8)
  A wyvern (D:8)
  2 wraiths (Ossuary)
  Eustachio (D:6)
  4 orc warriors
  2 water moccasins (D:8)
  2 black bears
  2 ice beasts
  2 sky beasts
  A phantom (D:9)
  An eye of draining (D:11)
  6 ogres
  5 centaurs
  2 big kobolds
  Blork the orc (D:6)
  4 bullfrogs
  A scorpion (D:5)
  15 killer bees
  17 wights
  A howler monkey (D:10)
  A jelly (D:11)
  6 hounds
  5 centaur skeletons
  6 orc priests
  3 iguanas
  8 worker ants
  6 orc wizards
  A hound skeleton (D:8)
  A howler monkey zombie (D:9)
  2 gnolls
  17 adders
  4 white imps
  An ufetubus (D:9)
  An ooze (D:2)
  2 adder zombies (Ossuary)
  An adder skeleton (D:10)
  2 dart slugs
  2 worms (D:2)
  6 leopard geckos
  37 orcs
  5 ball pythons
  5 giant cockroaches
  13 goblins
  4 hobgoblins
  14 jackals
  3 quokkas
  2 ball python skeletons (Ossuary)
  5 bats
  5 frilled lizards
  9 kobolds
  A kobold zombie (Ossuary)
  2 orc skeletons (Ossuary)
  An orc zombie (Ossuary)
  8 rats
287 creatures vanquished.

Vanquished Creatures (others)
  4 plants (D:1)
4 creatures vanquished.

Grand Total: 291 creatures vanquished

Notes
Turn   | Place    | Note
-------+----------+-------------------------------------------
     0 | D:1      | lis8215 the Demigod Air Elementalist began the quest for
                  | the Orb.
     0 | D:1      | Reached XP level 1. HP: 14/14 MP: 5/5
   295 | D:1      | Reached skill level 3 in Air Magic
   480 | D:1      | Reached XP level 2. HP: 20/20 MP: 4/7
   854 | D:1      | Reached XP level 3. HP: 26/26 MP: 0/8
   857 | D:1      | Learned a level 2 spell: Swiftness
  1333 | D:2      | Reached skill level 4 in Air Magic
  1422 | D:2      | Found an iron altar of Okawaru.
  1938 | D:2      | Noticed Sigmund
  2012 | D:2      | Reached XP level 4. HP: 33/33 MP: 4/9
  2017 | D:2      | Learned a level 4 spell: Airstrike
  2792 | D:3      | Reached skill level 5 in Air Magic
  2933 | D:3      | Found a bloodstained altar of Trog.
  3221 | D:3      | Reached XP level 5. HP: 36/38 MP: 5/10
  3655 | D:4      | Noticed an ogre
  3669 | D:4      | Killed an ogre
  3670 | D:4      | Reached skill level 6 in Air Magic
  3911 | D:4      | Found a stormy altar of Qazlal.
  3912 | D:4      | Noticed a fire elemental
  4185 | D:4      | Noticed an air elemental
  4186 | D:4      | Noticed a water elemental
  4304 | D:4      | Reached XP level 6. HP: 45/45 MP: 6/11
  4678 | D:2      | Killed Sigmund
  4679 | D:2      | Reached skill level 7 in Air Magic
  4793 | D:5      | Entered Level 5 of the Dungeon
  4840 | D:5      | Learned a level 3 spell: Static Discharge
  4881 | D:5      | Reached XP level 7. HP: 50/50 MP: 0/14
  4905 | D:5      | Found a sand-covered staircase.
  4955 | Ossuary  | Entered an ossuary
  5163 | Ossuary  | Noticed a wraith
  5163 | Ossuary  | Noticed a flying skull
  5169 | Ossuary  | Noticed a flying skull
  5174 | Ossuary  | Noticed a wraith
  5177 | Ossuary  | Killed a wraith
  5282 | Ossuary  | Noticed a flying skull
  5348 | Ossuary  | Noticed a flying skull
  5349 | Ossuary  | Noticed a flying skull
  5392 | Ossuary  | Noticed a wraith
  5394 | Ossuary  | Killed a wraith
  5395 | Ossuary  | Reached skill level 5 in Spellcasting
  6156 | D:5      | Reached XP level 8. HP: 57/57 MP: 11/20
  6249 | D:6      | Noticed Blork the orc
  6252 | D:6      | Killed Blork the orc
  6496 | D:6      | Noticed Pikel
  6500 | D:6      | Noticed Eustachio
  6533 | D:6      | Killed Pikel
  6534 | D:6      | Reached skill level 8 in Air Magic
  6581 | D:6      | Reached skill level 9 in Air Magic
  6791 | D:6      | Found a snail-covered altar of Cheibriados.
  6794 | D:6      | Killed Eustachio
  7068 | D:6      | Found a staircase to the Ecumenical Temple.
  7634 | D:7      | Reached XP level 9. HP: 62/62 MP: 6/21
  7833 | D:7      | Reached skill level 10 in Air Magic
  8072 | D:7      | Found a glowing golden altar of the Shining One.
  8451 | D:7      | Found a radiant altar of Vehumet.
  8454 | D:7      | Found a white marble altar of Elyvilon.
  8455 | D:7      | Found an ancient bone altar of Kikubaaqudgha.
  8677 | D:7      | Found Zumes's Antique Weapon Shoppe.
  8686 | D:7      | Bought a smoking hand axe for 208 gold pieces
  8686 | D:7      | Identified the +10 hand axe of Ambiguity {speed, *Slow
                  | Str+5 Int+4} (You bought it in a shop on level 7 of the
                  | Dungeon)
  8836 | D:8      | Noticed Prince Ribbit
  9231 | D:8      | Noticed Joseph
  9236 | D:8      | Killed Joseph
  9237 | D:8      | Reached skill level 11 in Air Magic
  9705 | D:8      | Found a sacrificial altar of Ru.
  9719 | D:8      | Noticed an elephant
  9839 | D:8      | Killed an elephant
  9983 | D:8      | Killed Prince Ribbit
  9984 | D:8      | Reached skill level 12 in Air Magic
 10092 | D:8      | Found a glowing golden altar of the Shining One.
 10214 | D:8      | Found a staircase to the Lair.
 10305 | D:8      | Noticed a two-headed ogre
 10318 | D:8      | Learned a level 5 spell: Lightning Bolt
 10354 | D:8      | Killed a two-headed ogre
 10355 | D:8      | Reached XP level 10. HP: 69/69 MP: 2/22
 10449 | D:8      | Noticed Maurice
 10453 | D:8      | Killed Maurice
 10681 | D:9      | Reached skill level 13 in Air Magic
 10828 | D:9      | Got a masterwork battleaxe
 10829 | D:9      | Identified the +7 battleaxe "Myineis" {vorpal, Stlth+} (You
                  | found it on level 9 of the Dungeon)
 11160 | D:9      | Found Ymipigast's Weapon Boutique.
 11397 | D:10     | Entered Level 10 of the Dungeon
 11820 | D:10     | Reached skill level 14 in Air Magic
 11907 | D:10     | Got a transparent kite shield
 12069 | D:10     | Noticed a brown ugly thing
 12074 | D:10     | Killed a brown ugly thing
 12247 | D:11     | Found Demolah's Book Shop.
 12247 | D:11     | Noticed a seven-headed hydra
 12251 | D:11     | Killed a seven-headed hydra
 12254 | D:11     | Reached XP level 11. HP: 70/74 MP: 1/25
 12449 | D:11     | Found a staircase to the Orcish Mines.
 12533 | D:11     | Found a sacrificial altar of Ru.
 12722 | D:11     | Noticed Sonja
 12725 | D:11     | Killed Sonja
 13155 | D:12     | Noticed an unseen horror
 13161 | D:12     | Killed an unseen horror
 13635 | D:12     | Noticed a deep elf mage
 13641 | D:12     | Killed a deep elf mage
 13784 | D:12     | Identified the +4 kite shield "Kishetaf" {rCorr Str+2 Dex+3
                  | Slay-2} (You found it on level 10 of the Dungeon)
 13889 | D:12     | Reached skill level 1 in Shields
 14012 | D:12     | Got an iridescent short sword
 14333 | D:12     | Noticed a boulder beetle
 14342 | D:12     | Mangled by a boulder beetle

Illustrated notes

Levels and vault maps discovered:
D:1:      psy_arrival_conway, layout_basic, serial_bayou_ford_a,
          minmay_pentomino_r2
D:2:      minmay_diamond_boxcup, layout_loops_cross, okawaru_ov_weapons_minmay,
          uniq_sigmund
D:3:      layout_loops_ring, bloody_trog, minmay_fractal_squares_gapless_5
D:4:      layout_basic, nicolae_qazlal_style_of_elements
D:5:      layout_loops_corners, nicolae_ossuary_entry_false_entrances
D:6:      layout_rooms, cheibriados_altar_1,
          minmay_temple_entry_drinking_statues, uniq_blork_the_orc,
          uniq_eustachio, uniq_pikel
D:7:      layout_rooms, overflow_temple_1_default, minitemple, serial_shops,
          shop
D:8:      layout_gridville, general_overflow_altar, david_lair_generic,
          basic_altar, uniq_joseph, uniq_maurice, uniq_prince_ribbit1
D:9:      layout_loops_cross, serial_shops, shop_statue,
          chequers_serial_rivers_micro_c
D:10:     layout_cave_pools
D:11:     layout_long_grid, orc_0_dummy, serial_shops, shop,
          nicolae_ru_awakened_eye, uniq_sonja
D:12:     layout_stronghold, basic_altar, minmay_statues_item

Skill      XL: |  1  2  3  4  5  6  7  8  9 10 11 |
---------------+----------------------------------+-----
Spellcasting   | 2 3 5 6 9 |  9.0
Air Magic      | 3 4 5 6 7 9 12 14 | 14.1
Shields        | 4 |  4.0
Dodging        | |  1.7
Stealth        | |  1.7
Conjurations   | |  0.8

Action                   |  1- 3 |  4- 6 |  7- 9 | 10-12 || total
-------------------------+-------+-------+-------+-------++-------
Melee: Unarmed           |     6 |       |       |       ||     6
       Short sword       |    12 |     2 |       |       ||    14
       Long sword        |     9 |    12 |       |       ||    21
       Falchion          |       |     7 |    13 |       ||    20
       Hand axe          |       |       |     3 |    28 ||    31
 Cast: Shock             |    96 |    64 |    33 |     4 ||   197
       Airstrike         |       |    10 |   128 |   163 ||   301
       Static Discharge  |       |     1 |       |     5 ||     6
       Lightning Bolt    |       |       |     1 |    23 ||    24
  Use: Scroll            |       |     9 |     2 |     9 ||    20
 Stab: Sleeping          |     1 |     2 |       |     1 ||     4
Armor: Robe              |     6 |     4 |     6 |       ||    16
       Leather armour    |       |       |     2 |    10 ||    12
Dodge: Dodged            |    37 |    26 |    29 |    32 ||   124
Block: Kite shield       |       |       |       |     1 ||     1
       Rpst.: Long sword |       |     9 |       |       ||     9
       Falchion          |       |     3 |     6 |       ||     9

Table legend: (Time is in decaauts)
 A = Elapsed time spent in this place.
 B = Non-inter-level travel time spent in this place.
 C = Inter-level travel time spent in this place.
 D = Time resting spent in this place.
 E = Time spent auto-exploring this place.
 F = Levels seen in this place.
 G = Mean time per level.
                   A        B        C        D        E       F      G
               +--------+--------+--------+--------+--------+-----+--------+
         Total |  14389 |  13966 |    423 |   2547 |   9311 |  13 | 1106.8 |
       Dungeon |  13874 |  13451 |    423 |   2305 |   9254 |  12 | 1156.2 |
       Ossuary |    514 |    514 |      0 |    241 |     57 |   1 |  514.0 |
               +--------+--------+--------+--------+--------+-----+--------+

Top non-repeatable levels by time:
     D:2: 1691 daAuts
     D:8: 1685 daAuts
     D:6: 1263 daAuts
     D:7: 1259 daAuts
     D:1: 1247 daAuts
    D:11: 1196 daAuts
     D:5: 1066 daAuts
     D:4: 986 daAuts
    D:12: 902 daAuts
     D:3: 892 daAuts
    D:10: 847 daAuts
     D:9: 836 daAuts
 Ossuary: 514 daAuts
